[Event "44th Chess Olympiad Women 2022"]
[Site "Chennai"]
[Date "2022.08.08"]
[Round "10.15"]
[White "Guo, Yu Han"]
[Black "Varney, Zoe"]
[Result "1-0"]
[WhiteElo "1630"]
[BlackElo "2045"]
[Annotator "NA RC"]
[PlyCount "69"]
[EventDate "2022.??.??"]
[TimeControl "60"]

1. d4 Nf6 2. c4 g6 3. Nc3 Bg7 4. e4 d6 5. h3 O-O 6. Be3 Nbd7 7. g4 e5 8. d5 b6 9. b4 a5 10. a3 Ne8 11. Bd3 f5 12. Rc1 axb4 13. axb4 fxe4 14. Bxe4 Nef6 15. g5 Nh5 16. h4 Nf4 17. Nge2 Ba6 18. Nb5 Bxb5 19. cxb5 Ra2 20. Rc2 Qa8 21. Ng3 Qa4 22. Rxa2 Qxa2 23. O-O Kh8 24. h5 Qc4 25. hxg6 hxg6 26. Qg4 Qxb5 27. Bxf4 Rxf4 28. Qh3+ Kg8 29. Qe6+ Kh8 30. Qe8+ Rf8 31. Qxg6 Kg8 32. Qe6+ Kh8 33. Qh3+ Kg8 34. Bh7+ Kf7 35. Qe6# 1-0

[Event "44th Chess Olympiad Women 2022"]
[Site "Chennai"]
[Date "2022.08.08"]
[Round "10.15"]
[White "Kalaiyalahan, Akshaya"]
[Black "Mills, Morgen"]
[Result "1-0"]
[WhiteElo "2158"]
[BlackElo "1993"]
[Annotator "RC"]
[PlyCount "153"]
[EventDate "2022.??.??"]
[TimeControl "60"]

1. Nf3 d5 2. e3 Nf6 3. c4 e6 4. b3 c6 5. Bb2 Nbd7 6. Qc2 Be7 7. Nc3 b6 8. d4 Bb7 9. Bd3 Rc8 10. O-O O-O 11. Rad1 Qc7 12. h3 h6 13. Ne5 dxc4 14. bxc4 Nxe5 15. dxe5 Nd7 16. f4 Nc5 17. Be2 Rcd8 18. Ba3 Rxd1 19. Rxd1 Rd8 20. Rd4 Na6 21. Bxe7 Qxe7 22. Qd2 Rxd4 23. exd4 Qb4 24. Kf2 Nc7 25. Ne4 c5 26. Qxb4 cxb4 27. Nd6 Ba6 28. Bf3 Kf8 29. Bc6 Ke7 30. Ke3 f6 31. Kd2 Kd8 32. Kc2 fxe5 33.
fxe5 Bc8 34. Nxc8 Kxc8 35. d5 a5 36. Kd2 Na6 37. Kc2 Nc5 38.
h4 Kc7 39. Be8 Kd8 40. Bc6 Ne4 41. Kd3 Nc5+ 42. Kc2 Ke7 43. Kd2 a4 44. Kc2 Kd8 45. Bb5 Kc7 46. Be8 b3+ 47. axb3 axb3+ 48. Kc3 b2 49. Kxb2 Nd3+ 50. Kc3 Nxe5 51. dxe6 Kd6 52. Bf7 Nc6 53. h5 Nd8 54. Kb4 Nc6+ 55. Kb5 Ne5 56. e7 Kxe7 57. Bd5 Kd6 58. Kxb6 Nd7+ 59. Kb5 Nf6 60. Bf3 Nd7 61. Bg4 Ne5 62. c5+ Kc7 63. Bf3 g6 64. hxg6 Nxg6 65. Kc4 Ne5+ 66. Kd4 Nxf3+ 67. gxf3 h5 68. Ke4 h4 69. Kf4 h3 70. Kg3 Kc6 71. Kxh3 Kxc5 72. Kg4 Kd6 73. Kf5 Ke7 74. Kg6 Ke6 75. f4 Ke7 76. f5 Kf8 77. Kf6 1-0

[Event "44th Chess Olympiad Women 2022"]
[Site "Chennai"]
[Date "2022.08.08"]
[Round "10.15"]
[White "Toma, Katarzyna"]
[Black "Ouellet, Maili-Jade"]
[Result "1/2-1/2"]
[WhiteElo "2303"]
[BlackElo "2239"]
[Annotator "RC"]
[PlyCount "142"]
[EventDate "2022.??.??"]
[TimeControl "60"]

1. e4 c5 2. Nf3 d6 3. d4 cxd4 4. Nxd4 Nf6 5. Nc3 a6 6. Bg5 Nbd7 7. Bc4 Qb6 8. O-O Qc5 9. Bd5 e6 10. Re1 Ne5 11. Bxf6 gxf6 12. Kh1 h5 13. Bb3 Bd7 14. h3 Bh6 15. Nce2 Ng6 16. c3 Rg8 17. Ba4 Rd8 18. b4 Qb6 19. Bxd7+ Rxd7 20. a4 d5 21. exd5 Rxd5 22. Qb3 Kf8 23. Rad1 Ne7 24. c4 Re5 25. c5 Qc7 26. Nf3 Rd5 27. Rxd5 Nxd5 28. Ned4 Nf4 29. Rg1 Qc8 30. c6 bxc6 31. Qc4 e5 32. Qxc6 Kg7 33.
Qxc8 Rxc8 34. Nf5+ Kh7 35. Rd1 Bf8 36. b5 axb5 37. axb5 Rb8 38. Rd7 Kg8 39. Nd2 Rxb5 40. Ne4 Rb6 41. Kh2 Ng6 42. g3 Re6 43.
Kg2 Ra6 44. h4 Re6 45. Kf1 Ra6 46. Ke2 Nh8 47. Rd8 Ng6 48. Nfd6 Kh8 49. Nxf7+ Kg7 50. Nfd6 Bxd6 51. Nxd6 Ne7 52. Rd7 Kg6 53. Ne4 Nf5 54. Kf3 Ra3+ 55. Kg2 Ra4 56. Nc3 Ra3 57. Nd5 Ra5 58. Rd8 Kf7 59. Nc7 Ra2 60. Rd7+ Kg6 61. Nd5 Ra5 62. Nc3 Ra3 63. Rc7 Rb3 64. Rc8 Rb2 65. Nd5 Rd2 66. Rc5 Nd6 67. Nc3 Nf5 68. Kf1 Rc2 69. Ne4 Rxc5 70. Nxc5 Nd4 71. Kg2 f5 1/2-1/2

[Event "44th Chess Olympiad Women 2022"]
[Site "Chennai"]
[Date "2022.08.08"]
[Round "10.16"]
[White "Hapala, Elisabeth"]
[Black "Savina, Anastasia"]
[Result "1/2-1/2"]
[WhiteElo "2113"]
[BlackElo "2377"]
[Annotator "RC"]
[PlyCount "64"]
[EventDate "2022.??.??"]
[TimeControl "60"]

1. e4 c5 2. Nf3 Nc6 3. d4 cxd4 4. Nxd4 e5 5. Nb5 d6 6. c4 Be7 7. N1c3 a6 8. Na3 f5 9. exf5 Bxf5 10. Bd3 Be6 11. O-O Nf6 12. Nc2 O-O 13. b3 Kh8 14. Ne3 Qd7 15. Ncd5 Rae8 16. Bb2 Bd8 17. Nxf6 Rxf6 18. Be4 Bb6 19. Qd3 Qf7 20. Ba3 Qh5 21. Nd5 Bxd5 22. Bxd5 Ref8 23. Bxc6 bxc6 24. c5 dxc5 25. Qxa6 Bc7 26. Qa7 Rg6 27. Qxc7 Rxg2+ 28. Kxg2 Qg4+ 29. Kh1 Qf3+ 30. Kg1 Qg4+ 31. Kh1 Qf3+ 32. Kg1 Qg4+ 1/2-1/2

[Event "44th Chess Olympiad Women 2022"]
[Site "Chennai"]
[Date "2022.08.08"]
[Round "10.16"]
[White "Milliet, Sophie"]
[Black "Mayrhuber, Nikola"]
[Result "1-0"]
[WhiteElo "2396"]
[BlackElo "2141"]
[Annotator "RC"]
[PlyCount "75"]
[EventDate "2022.??.??"]
[TimeControl "60"]

1. e4 c5 2. Nf3 d6 3. d4 cxd4 4. Nxd4 Nf6 5. Nc3 a6 6. Be3 e5 7. Nb3 Be7 8. f3 Be6 9. Qd2 h5 10. Be2 Nbd7 11. Nd5 Bxd5 12. exd5 Qc7 13. Rc1 O-O 14. O-O a5 15. c4 Nh7 16. Na1 Qd8 17. Nc2 Bg5 18. f4 exf4 19. Bxf4 g6 20. Nd4 Nc5 21. Nb5 Ne4 22. Qe3 Re8 23. Bxg5 Nhxg5 24. Qf4 h4 25. Bd3 f5 26. Kh1 Kg7 27. Qxh4 Rh8 28. Qf4 Qb6 29. c5 dxc5 30. Bc4 Qf6 31. Rce1 Qxb2 32. Qc7+ Kh6 33. Qf4 Qd2 34. Rxe4 Qxf4 35. Rexf4 Ne4 36. Nc7 Kg5 37. Ne6+ Kf6 38. Rxe4 1-0

[Event "44th Chess Olympiad Women 2022"]
[Site "Chennai"]
[Date "2022.08.08"]
[Round "10.16"]
[White "Polterauer, Chiara"]
[Black "Guichard, Pauline"]
[Result "1/2-1/2"]
[WhiteElo "2183"]
[BlackElo "2379"]
[Annotator "RC"]
[PlyCount "82"]
[EventDate "2022.??.??"]
[TimeControl "60"]

1. e4 e5 2. Nf3 Nc6 3. Bc4 Bc5 4. c3 Nf6 5. d4 exd4 6. cxd4 Bb4+ 7. Bd2 Bxd2+ 8. Nbxd2 d5 9. exd5 Nxd5 10. Qb3 Nce7 11. O-O O-O 12. Rfe1 c6 13. Ne4 Ng6 14. Bxd5 cxd5 15. Nc5 b6 16. Nd3 Bf5 17. Nde5 Rc8 18. Nxg6 hxg6 19. Re5 Qf6 20. Rae1 Bg4 21. Ng5 Qf4 22. Qxd5 Bf5 23. Nf3 Rfd8 24. Qb7 Bg4 25. Ng5 Rc1 26. Qe7 Rxe1+ 27. Rxe1 Rf8 28. d5 Qd2 29. d6 f6 30. Nf3 Bxf3 31. gxf3 Qg5+ 32. Kh1 Qd5 33. d7 Qxf3+ 34. Kg1 Qg4+ 35. Kf1 Qc4+ 36. Kg1 Qg4+ 37. Kf1 Qc4+ 38. Re2 Qc1+ 39. Kg2 Qg5+ 40. Kf1 Qc1+ 41. Re1 Qc4+ 1/2-1/2

[Event "44th Chess Olympiad Women 2022"]
[Site "Chennai"]
[Date "2022.08.08"]
[Round "10.16"]
[White "Sebag, Marie"]
[Black "Newrkla, Katharina"]
[Result "1-0"]
[WhiteElo "2447"]
[BlackElo "2265"]
[Annotator "RC"]
[PlyCount "79"]
[EventDate "2022.??.??"]
[TimeControl "60"]

1. e4 c5 2. Nf3 d6 3. Bb5+ Nd7 4. a4 Ngf6 5. Nc3 g6 6. a5 Bg7 7. O-O a6 8. Be2 O-O 9. d3 b5 10. axb6 Bb7 11. Qd2 a5 12. Qf4 Qxb6 13. Qh4 Bc6 14. Nd2 a4 15. Nc4 Qc7 16. Bh6 Nb6 17. Ne3 Bxh6 18. Qxh6 d5 19. exd5 Nbxd5 20. Ncxd5 Nxd5 21. Bf3 Nb4 22. Bxc6 Nxc6 23. f4 f5 24. Nc4 Qd7 25. Rae1 Qd4+ 26. Kh1 Rab8 27. Qh4 Rf6 28. Qf2 Qxf2 29. Rxf2 Kf8 30. g3 Nd4 31. Re5 Ra6 32. Rxc5 Rxb2 33. Nxb2 a3 34. Na4 Rxa4 35. Rf1 a2 36. Ra1 Ra3 37. Kg2 Ke8 38. Kf2 Ne6 39. Rc4 Kd7 40. Rb4 1-0

[Event "44th Chess Olympiad Women 2022"]
[Site "Chennai"]
[Date "2022.08.08"]
[Round "10.17"]
[White "Gazola, Vanessa Ramos"]
[Black "Koubova, Anna Marie"]
[Result "1/2-1/2"]
[WhiteElo "2000"]
[BlackElo "2115"]
[Annotator "NA RC"]
[PlyCount "167"]
[EventDate "2022.??.??"]
[TimeControl "60"]

1. d4 Nf6 2. c4 e6 3. Nf3 b6 4. a3 Bb7 5. Nc3 g6 6. Bf4 d6 7. e3 Bg7 8. Be2 O-O 9. O-O Nbd7 10. h3 Qe7 11. Bg5 Rfd8 12. d5 c6 13. dxc6 Bxc6 14. Nd4 Bb7 15.
Bf3 Ne5 16. Bxb7 Qxb7 17. b3 Rac8 18. Rc1 Rd7 19. Qe2 a6 20.
Bf4 Rdc7 21. a4 Nfd7 22. Na2 Nc5 23. Rcd1 Rd7 24. Nc1 d5 25. cxd5 Rxd5 26. Nf3 Nxf3+ 27. Qxf3 Rcd8 28. Rxd5 Qxd5 29. Qxd5 Rxd5 30. Bc7 b5 31. axb5 axb5 32. b4 Na6 33. Ba5 Rd2 34. Nb3 Rb2 35. Nc5 Nxb4 36. Rd1 Nc6 37. Bb6 Ra2 38. g3 Ra1 39. Rxa1 Bxa1 40. Kf1 Kf8 41. Ke2 Ke7 42. Nb3 Be5 43. f4 Bb2 44. Bc5+ Kd7 45. Kd3 Kc7 46. e4 Kb7 47. e5 b4 48. Nd2 Ka6 49. Nc4 Bc3 50.
Nd6 Nd8 51. Ne4 Kb5 52. Be7 Nc6 53. Nxc3+ bxc3 54. Bd6 c2 55. Kxc2 Kc4 56. Kd2 Kd4 57. Ke2 Ke4 58. h4 Nd4+ 59. Kf2 Nb5 60. Bb4 Kf5 61. Kg2 Kg4 62. Bd2 Nd4 63. Be3 Ne2 64. Bf2 Nc3 65. Be1 Ne4 66. Kh2 h6 67. Kg2 g5 68. hxg5 hxg5 69. fxg5 Kxg5 70. Kf3 Kf5 71. Ba5 Ng5+ 72. Ke3 Kxe5 73. Bd8 Ne4 74. Bc7+ Kd5 75. Kf4 Nd6 76. g4 e5+ 77. Kg5 e4 78. Ba5 Ne8 79. Kf5 Kd4 80.
g5 Kd3 81. Bb6 e3 82. Bxe3 Kxe3 83. g6 fxg6+ 84. Kxg6 1/2-1/2

[Event "44th Chess Olympiad Women 2022"]
[Site "Chennai"]
[Date "2022.08.08"]
[Round "10.17"]
[White "Librelato, Kathie Goulart"]
[Black "Pilsova, Karolina"]
[Result "0-1"]
[WhiteElo "2255"]
[BlackElo "2230"]
[Annotator "RC"]
[PlyCount "133"]
[EventDate "2022.??.??"]
[TimeControl "60"]

1. e4 e5 2. Bc4 Nf6 3. d3 c6 4. Nf3 d6 5. O-O Be7 6. Nc3 O-O 7. d4 Qc7 8. h3 Nbd7 9. Be3 b5 10. Bd3 a6 11. a4 b4 12. Nb1 exd4 13.
Nxd4 Nc5 14. Nd2 Bd7 15. Qf3 d5 16. exd5 Nxd3 17. d6 Bxd6 18.
cxd3 Nd5 19. Rac1 Rac8 20. N2b3 Nxe3 21. fxe3 c5 22. Nf5 Bxf5 23. Qxf5 Qe7 24. Rf3 g6 25. Qd5 Rfd8 26. Qc4 Rc7 27. Qxa6 Qe5 28. Qc4 Qxb2 29. a5 Qe5 30. a6 Qe8 31. Nd2 Qe6 32. Qb5 Ra7 33.
Rcf1 Rb8 34. Qc4 b3 35. Rf6 Qxc4 36. Nxc4 Be7 37. Rxf7 b2 38. Nd2 b1=Q 39. Nxb1 Rxb1 40. Rxb1 Kxf7 41. Rb6 Ke8 42. Kf2 Kd7 43. d4 cxd4 44. exd4 Bd8 45. Rb3 Rxa6 46. Kf3 Re6 47. Rb7+ Bc7 48. Ra7 Kd6 49. g4 Re7 50. h4 Kd5 51. g5 Kxd4 52. h5 Ke5 53.
Kg4 Rd7 54. Rb7 Rd4+ 55. Kf3 Rc4 56. Rb5+ Ke6 57. Ke3 Bd6 58. Rb7 Rc7 59. Rb6 Ke5 60. Kf3 Rc3+ 61. Kg4 Rc4+ 62. Kf3 Rh4 63. hxg6 hxg6 64. Rb5+ Ke6 65. Rb6 Rf4+ 66. Ke3 Rf5 67. Kd4 0-1

[Event "44th Chess Olympiad Women 2022"]
[Site "Chennai"]
[Date "2022.08.08"]
[Round "10.17"]
[White "Movsesian, Julia"]
[Black "Alboredo, Julia"]
[Result "1/2-1/2"]
[WhiteElo "2291"]
[BlackElo "2264"]
[Annotator "NA RC"]
[PlyCount "74"]
[EventDate "2022.??.??"]
[TimeControl "60"]

1. e4 c5 2. Nf3 Nc6 3. Bb5 Nf6 4. Nc3 g6 5. h3 Bg7 6. e5 Ng8 7. Bxc6 dxc6 8. d3 Nh6 9. Be3 b6 10. g4 f5 11. g5 Nf7 12. Bf4 Be6 13. Qe2 b5 14. Qe3 Qb6 15. a4 a5 16. axb5 cxb5 17. b4 Qb7 18. bxc5 b4 19. Ne2 Bd5 20. Ned4 Nd8 21. O-O O-O 22. Ra4 Qc8 23. Rfa1 Qxc5 24. Nd2 Ne6 25. Nxe6 Qxe3 26. fxe3 Bxe6 27. Nf3 b3 28. cxb3 Bxb3 29. Rxa5 Rxa5 30. Rxa5 e6 31. Nd4 Bd5 32. Ra6 Re8 33. e4 fxe4 34. dxe4 Bxe4 35. Nxe6 Bxe5 36. Bxe5 Bf5 37. Bf6 Bxe6 1/2-1/2

[Event "44th Chess Olympiad Women 2022"]
[Site "Chennai"]
[Date "2022.08.08"]
[Round "10.17"]
[White "Petrova, Kristyna"]
[Black "Terao, Juliana Sayumi"]
[Result "1/2-1/2"]
[WhiteElo "2238"]
[BlackElo "2223"]
[Annotator "RC"]
[PlyCount "107"]
[EventDate "2022.??.??"]
[TimeControl "60"]

1. e4 e5 2. Nf3 Nc6 3. Bb5 a6 4. Ba4 Nf6 5. d3 d6 6. c3 Be7 7. O-O O-O 8. Re1 b5 9. Bb3 Na5 10. Bc2 c5 11. a4 Bd7 12. Nbd2 Re8 13.
Nf1 h6 14. h3 Bf8 15. Ng3 Qc7 16. Nh2 d5 17. Qf3 dxe4 18. dxe4 Qc6 19. axb5 axb5 20. Nf5 c4 21. Ne3 Nb3 22. Rxa8 Qxa8 23. Bxb3 cxb3 24. Nd5 Nxd5 25. exd5 e4 26. Qd1 Re5 27. Qxb3 Rxd5 28. Be3 Be6 29. Qc2 Rd3 30. Bd4 Qc6 31. Qe2 f5 32. Rd1 Bc4 33. Qe1 Bd5 34. f3 Qc4 35. fxe4 Bxe4 36. Nf1 Rxd1 37. Qxd1 Qc6 38. Qe2 f4 39. Nd2 Bd5 40. Nf3 Qg6 41. b4 Bc4 42. Qd2 Qf5 43. Be5 g5 44. Qd8 Qe6 45. Bd4 Qe7 46. Qb8 Qd6 47. Qe8 Qe6 48. Qb8 Qd6 49. Qa7 Bd5 50. Ne5 f3 51. gxf3 Qe6 52. Qd7 Qxd7 53. Nxd7 Bxf3 54. Nxf8 1/2-1/2

[Event "44th Chess Olympiad Women 2022"]
[Site "Chennai"]
[Date "2022.08.08"]
[Round "10.18"]
[White "Frayna, Janelle Mae"]
[Black "Vo, Thi Kim Phung"]
[Result "1-0"]
[WhiteElo "2224"]
[BlackElo "2333"]
[Annotator "RC"]
[PlyCount "129"]
[EventDate "2022.??.??"]
[TimeControl "60"]

1. e4 e6 2. d4 d5 3. Nd2 c5 4. Ngf3 cxd4 5. Nxd4 Nf6 6. exd5 Nxd5 7. N2f3 a6 8. c4 Nf6 9. Be2 e5 10. Nb3 Qxd1+ 11. Bxd1 Bb4+ 12. Bd2 Bxd2+ 13. Nfxd2 Nc6 14. Bf3 Nb4 15. O-O O-O 16. Nc5 Rb8 17. a3 Nc2 18. Rac1 Nd4 19. b4 Rd8 20. Rfe1 b6 21. Ncb3 Nxb3 22. Nxb3 Rd3 23. Red1 Rxd1+ 24. Bxd1 Be6 25. c5 Bxb3 26.
Bxb3 Rc8 27. Bc4 b5 28. Bb3 Rd8 29. f3 Kf8 30. Rd1 Rxd1+ 31. Bxd1 Nd5 32. Bb3 Nc7 33. Kf2 Ke7 34. g4 h6 35. Ke3 g6 36.
Ke4 f6 37. h4 Ne6 38. Bd5 Nd4 39. f4 Nc2 40. fxe5 fxe5 41. Kxe5 Nxa3 42. Be4 Nc4+ 43. Kd4 g5 44. hxg5 hxg5 45. Bd5 Nd2 46. Ke5 Nf1 47. Bb7 Ne3 48. Bxa6 Nxg4+ 49. Kd4 Nf6 50. Bxb5 g4 51. Bc6 g3 52. b5 Nd7 53. Bg2 Kd8 54. b6 Kc8 55. Kd5 Nf6+ 56. Kd6 Ne8+ 57. Ke5 Kd7 58. c6+ Kc8 59. Bh3+ Kb8 60. Ke6 g2 61. Bxg2 Kc8 62. Ke7 Nc7 63. Bh3+ Kb8 64. bxc7+ Kxc7 65. Bd7 1-0

[Event "44th Chess Olympiad Women 2022"]
[Site "Chennai"]
[Date "2022.08.08"]
[Round "10.18"]
[White "Nguyen, Thi Mai Hung"]
[Black "Fronda, Jan Jodilyn"]
[Result "1-0"]
[WhiteElo "2223"]
[BlackElo "2181"]
[Annotator "RC"]
[PlyCount "99"]
[EventDate "2022.??.??"]
[TimeControl "60"]

1. d4 d5 2. Nf3 Nf6 3. Bf4 c5 4. e3 Nc6 5. c3 Qb6 6. Qc2 g6 7. Nbd2 Bf5 8. dxc5 Qxc5 9. Qb3 Na5 10. Bb5+ Bd7 11. Bxd7+ Nxd7 12. Qa4 Bg7 13. O-O Nc6 14. Rad1 e6 15. e4 Qe7 16. Bg5 f6 17. Be3 dxe4 18.
Nxe4 O-O 19. Qb3 b6 20. Rd6 Na5 21. Qxe6+ Qxe6 22. Rxe6 Nc4 23. Bc1 Rfe8 24. Rxe8+ Rxe8 25. Ng3 f5 26. Re1 Rxe1+ 27. Nxe1 Nc5 28. Kf1 Kf7 29. b3 Nd6 30. c4 Bc3 31. Ba3 Nde4 32. Nxe4 Nxe4 33. Nd3 Bd4 34. Bb4 g5 35. f3 Nf6 36. Ke2 Nd7 37. h3 h5 38. Bd2 f4 39. h4 gxh4 40. Nxf4 Nf6 41. Be1 h3 42. Nxh3 Ke6 43. Kd3 Bb2 44. Bg3 Kf5 45. Nf2 Nd7 46. Ne4 a5 47. Nd6+ Ke6 48. Nc8 Ba3 49. Bf2 Ne5+ 50. Ke4 1-0

[Event "44th Chess Olympiad Women 2022"]
[Site "Chennai"]
[Date "2022.08.08"]
[Round "10.18"]
[White "Nguyen, Thien Ngan"]
[Black "Mordido, Kylen Joy"]
[Result "0-1"]
[WhiteElo "1912"]
[BlackElo "2023"]
[Annotator "NA RC"]
[PlyCount "102"]
[EventDate "2022.??.??"]
[TimeControl "60"]

1. e4 c5 2. Nf3 e6 3. d4 cxd4 4. Nxd4 a6 5. Bd3 Nf6 6. Qe2 d6 7. O-O g6 8. Nc3 Bg7 9. Kh1 O-O 10. f4 Nfd7 11. Nf3 Nc6 12. Bd2 b5 13.
Rae1 Bb7 14. Ng5 Rc8 15. Qg4 Nf6 16. Qh3 h6 17. Nf3 b4 18.
Nd1 d5 19. e5 Ne4 20. Be3 Ne7 21. Nd4 Nf5 22. Bg1 h5 23. Nxf5 exf5 24. Bd4 Qa5 25. Ne3 Rc7 26. Be2 b3 27. c3 bxa2 28. Qh4 Rc6 29. Qe7 Bc8 30. Nc2 Nd2 31. Rg1 Nb1 32. Na1 Be6 33. Bd3 Nd2 34. Re2 Ne4 35. Qb7 Rfc8 36. Nc2 Bf8 37. Ra1 Nc5 38. Bxc5 Bxc5 39. Qb3 Qb6 40. Qxb6 Rxb6 41. Rxa2 d4 42. c4 Rb3 43. Ne1 Bb4 44. Bc2 Bxc4 45. Bxb3 Bxe2 46. Ra1 d3 47. Bd1 d2 48. Nc2 Bxd1 49. Nxb4 Rc1 50. Rxc1 dxc1=Q 51. Nd3 Qb1 0-1

[Event "44th Chess Olympiad Women 2022"]
[Site "Chennai"]
[Date "2022.08.08"]
[Round "10.18"]
[White "San Diego, Marie Antoinette"]
[Black "Bach, Ngoc Thuy Duong"]
[Result "1-0"]
[WhiteElo "2101"]
[BlackElo "2192"]
[Annotator "NA RC"]
[PlyCount "63"]
[EventDate "2022.??.??"]
[TimeControl "60"]

1. d4 d5 2. Nf3 Nf6 3. c4 e6 4. Nc3 dxc4 5. e3 a6 6. a4 b6 7. Bxc4 Bb7 8. O-O Nbd7 9. Qe2 c5 10. Rd1 cxd4 11. exd4 Bxf3 12. Qxf3 Bd6 13. d5 e5 14. Bg5 Qc8 15. Bd3 O-O 16. Bf5 Qb7 17. Qh3 g6 18. Bxd7 Nxd7 19. Ne4 f5 20. Nxd6 Qc7 21. Be7 Nf6 22. Bxf8 Rxf8 23. Qa3 Rd8 24. Rac1 Qxd6 25. Qxd6 Rxd6 26. Rc6 Rxd5 27. Rxd5 Nxd5 28. Rd6 Nb4 29. Rxb6 Nd3 30. b4 Kf7 31. b5 axb5 32. Rxb5 1-0

[Event "44th Chess Olympiad Women 2022"]
[Site "Chennai"]
[Date "2022.08.08"]
[Round "10.19"]
[White "Baginskaite, Kamile"]
[Black "Urh, Zala"]
[Result "1-0"]
[WhiteElo "2134"]
[BlackElo "2321"]
[Annotator "RC"]
[PlyCount "97"]
[EventDate "2022.??.??"]
[TimeControl "60"]

1. d4 Nf6 2. Nf3 g6 3. c4 Bg7 4. g3 d5 5. cxd5 Nxd5 6. Bg2 Nb6 7. Nc3 Nc6 8. e3 O-O 9. O-O Re8 10. Re1 a5 11. d5 Nb4 12. e4 c6 13. a3 Na6 14. dxc6 bxc6 15. Qc2 Rb8 16. Bf4 e5 17. Rad1 Qc7 18. Be3 Bf8 19. Nb1 Nd7 20. Nbd2 Ndc5 21. Rc1 Bd7 22. Bf1 Rb7 23. Bc4 Kg7 24. Rb1 f6 25. Rec1 Ra8 26. Qd1 Be8 27. h4 h5 28. Qe2 a4 29. Rc2 Qb8 30. Nh2 Bd7 31. Kg2 Qc8 32. Rbc1 Nc7 33. f4 exf4 34. gxf4 Qe8 35. Qf3 Ra5 36. Bd4 Qd8 37. Bc3 Ra8 38. f5 Be8 39. e5 Be7 40. Rf1 Nd5 41. Bxd5 cxd5 42. exf6+ Bxf6 43.
Bxf6+ Qxf6 44. Rxc5 Qxh4 45. Qxd5 Raa7 46. Qe5+ Kh7 47. Qxe8 gxf5 48. Rcxf5 Rg7+ 49. Kh1 1-0

[Event "44th Chess Olympiad Women 2022"]
[Site "Chennai"]
[Date "2022.08.08"]
[Round "10.19"]
[White "Janzelj, Lara"]
[Black "Zaksaite, Salomeja"]
[Result "0-1"]
[WhiteElo "2215"]
[BlackElo "2212"]
[Annotator "NA RC"]
[PlyCount "90"]
[EventDate "2022.??.??"]
[TimeControl "60"]

1. c4 Nf6 2. g3 g6 3. Bg2 Bg7 4. e4 d6 5. Nc3 e5 6. d3 Nc6 7. Nge2 O-O 8. O-O Nd7 9. Be3 Nc5 10. d4 exd4 11. Nxd4 Ne5 12. b3 Ng4 13. Bc1 a5 14. Rb1 a4 15. h3 Ne5 16. Be3 axb3 17. axb3 Bd7 18. Qd2 Ra3 19. Bh6 Bxh6 20. Qxh6 Nc6 21. Ndb5 Rxb3 22. Rxb3 Nxb3 23. Nd5 Ncd4 24. Nbxc7 Ne6 25. Nxe6 fxe6 26. Nf4 Nc5 27. h4 Qf6 28. Nh3 e5 29. h5 Bxh3 30. hxg6 hxg6 31. Qxh3 Kg7 32. Qg4 Ne6 33. Qd1 Nd4 34. f4 Qd8 35. Qg4 Qe7 36. f5 g5 37. Qh5 Qf6 38. Rb1 Rf7 39. Kf2 Nxf5 40.
Kg1 Nxg3 41. Qh3 Ne2+ 42. Kh1 Qf4 43. Rd1 Ng3+ 44. Kg1 g4 45.
Qh4 Qf2+ 0-1

[Event "44th Chess Olympiad Women 2022"]
[Site "Chennai"]
[Date "2022.08.08"]
[Round "10.19"]
[White "Simkunaite, Gabija"]
[Black "Vidic, Teja"]
[Result "0-1"]
[WhiteElo "2010"]
[BlackElo "2099"]
[Annotator "NA RC"]
[PlyCount "86"]
[EventDate "2022.??.??"]
[TimeControl "60"]

1. e4 c6 2. d4 d5 3. exd5 cxd5 4. Bd3 Nc6 5. c3 Nf6 6. h3 e5 7. dxe5 Nxe5 8. Nf3 Nxd3+ 9. Qxd3 Bd6 10. O-O O-O 11. Bg5 h6 12. Bxf6 Qxf6 13. Qxd5 Rd8 14. Qh5 Bf5 15. Nd4 Bg6 16. Qf3 Qe5 17. g3 Bc5 18. Nd2 Bxd4 19. cxd4 Rxd4 20. Qxb7 Rb8 21. Nf3 Qd6 22. Qxb8+ Qxb8 23. Nxd4 Qxb2 24. Nb3 Bf5 25. g4 Be6 26. Nc5 Bd5 27. Rad1 Qxa2 28. Rfe1 Bc6 29. Nd7 g6 30. Rd6 Qc2 31. Nf6+ Kg7 32. Ne8+ Bxe8 33. Rxe8 a5 34. Ra6 Qb1+ 35. Kh2 Qf1 36. Rea8 Qxf2+ 37. Kh1 Qg3 38. Rxa5 Qxh3+ 39. Kg1 Qxg4+ 40. Kf2 h5 41.
Ra4 Qf5+ 42. Kg2 g5 43. R8a5 Qc2+ 0-1

[Event "44th Chess Olympiad Women 2022"]
[Site "Chennai"]
[Date "2022.08.08"]
[Round "10.19"]
[White "Unuk, Laura"]
[Black "Martynkova, Olena"]
[Result "1/2-1/2"]
[WhiteElo "2340"]
[BlackElo "2213"]
[Annotator "RC"]
[PlyCount "88"]
[EventDate "2022.??.??"]
[TimeControl "60"]

1. d4 Nf6 2. c4 g6 3. Nc3 Bg7 4. e4 d6 5. Be2 O-O 6. Be3 e5 7. d5 Na6 8. g4 Nc5 9. f3 c6 10. h4 cxd5 11. cxd5 Bd7 12. h5 Qa5 13. Kf2 b5 14. Kg2 Na4 15.
Nxa4 bxa4 16. Nh3 Rfc8 17. hxg6 hxg6 18. Nf2 Rab8 19. Rb1 a3 20. bxa3 Qxa3 21. Qd2 Qa4 22. Rxb8 Rxb8 23. Bh6 Bh8 24. Qg5 Qxa2 25. Bd3 Nh7 26. Qh4 Bf6 27. Qh2 g5 28. Bg7 Bxg7 29. Qxh7+ Kf8 30. Qh2 Qd2 31. Rd1 Qe3 32. Qg1 Rb2 33. Rb1 Rxb1 34. Qxb1 a5 35.
Qb7 Be8 36. Qa8 Qb6 37. Ba6 Bf6 38. Bb7 Qd8 39. Qa6 Qc7 40.
Nd3 Bd8 41. Bc6 Qb6 42. Qa8 Ke7 43. Nf2 Qb2 44. Kg3 Qb1 1/2-1/2

[Event "44th Chess Olympiad Women 2022"]
[Site "Chennai"]
[Date "2022.08.08"]
[Round "10.20"]
[White "Avramidou, Anastasia"]
[Black "Kakulidis, Ellen"]
[Result "1-0"]
[WhiteElo "2274"]
[BlackElo "2057"]
[Annotator "NA RC"]
[PlyCount "75"]
[EventDate "2022.??.??"]
[TimeControl "60"]

1. d4 d5 2. c4 e6 3. Nf3 a6 4. Bg5 Be7 5. Bxe7 Nxe7 6. e3 O-O 7. Nbd2 Nd7 8.
Rc1 dxc4 9. Nxc4 b5 10. Ncd2 e5 11. dxe5 Ng6 12. Bd3 Ndxe5 13. Nxe5 Nxe5 14. Bxh7+ Kxh7 15. Qh5+ Kg8 16.
Qxe5 Be6 17. a3 Re8 18. Qc3 c5 19. O-O Rc8 20. Ne4 b4 21.
axb4 cxb4 22. Qxb4 Rb8 23. Qa3 Bd5 24. Ng3 Rb6 25. Qa5 Bb7 26.
Rfd1 Qf6 27. b4 Rb5 28. Qa3 Qb6 29. Rd4 Qh6 30. Rc7 Qg6 31.
Rc1 Rb6 32. h3 Rc6 33. Rg4 Rxc1+ 34. Qxc1 Qe6 35. Qb2 g6 36. Nh5 Kf8 37. Qh8+ Ke7 38. Qxe8+ 1-0

[Event "44th Chess Olympiad Women 2022"]
[Site "Chennai"]
[Date "2022.08.08"]
[Round "10.20"]
[White "Makka, Ioulia"]
[Black "Fredericia, Louise"]
[Result "1/2-1/2"]
[WhiteElo "1975"]
[BlackElo "1990"]
[Annotator "NA RC"]
[PlyCount "73"]
[EventDate "2022.??.??"]
[TimeControl "60"]

1. e4 c5 2. Nf3 Nc6 3. d4 cxd4 4. Nxd4 g6 5. c4 Bg7 6. Be3 Nf6 7. Nc3 O-O 8. Be2 d6 9. O-O Bd7 10. h3 Nxd4 11. Bxd4 Bc6 12. Qc2 a5 13. b3 Rc8 14. Qd3 Nd7 15. Bxg7 Kxg7 16. Qd4+ Kg8 17. Bg4 e6 18. Qxd6 Qb6 19. Rfd1 Rfd8 20. Qf4 Nc5 21. Qe3 Qb4 22. Rab1 Qa3 23. e5 Rxd1+ 24. Bxd1 Rd8 25. Bc2 b6 26. h4 h5 27. g4 hxg4 28. Qg5 Nb7 29. h5 Qf8 30. hxg6 Qg7 31. gxf7+ Kxf7 32. Qh5+ Ke7 33. Qh4+ Kf7 34. Qh5+ Ke7 35. Qh4+ Kf7 36. Qh5+ Ke7 37. Qh4+ 1/2-1/2

[Event "44th Chess Olympiad Women 2022"]
[Site "Chennai"]
[Date "2022.08.08"]
[Round "10.20"]
[White "Nilssen, Ellen Fredericia"]
[Black "Tsolakidou, Stavroula"]
[Result "1/2-1/2"]
[WhiteElo "2142"]
[BlackElo "2362"]
[Annotator "RC"]
[PlyCount "83"]
[EventDate "2022.??.??"]
[TimeControl "60"]

1. d4 Nf6 2. c4 e6 3. Nc3 Bb4 4. e3 O-O 5. Bd2 b6 6. Nf3 c5 7. a3 Bxc3 8.
Bxc3 Ne4 9. Rc1 Nxc3 10. Rxc3 d6 11. dxc5 bxc5 12. Be2 Bb7 13. O-O Qe7 14. b4 Nd7 15. Rd3 d5 16. cxd5 exd5 17. bxc5 Nxc5 18. Rc3 Rac8 19. Nd4 Ne4 20. Rxc8 Rxc8 21. Qa4 Qc5 22. Qb4 Qc7 23. Nf5 a5 24. Qb2 Nc3 25. h3 Rb8 26. Qc2 Bc8 27. Nd4 Bd7 28.
Rc1 Nxe2+ 29. Nxe2 Qxc2 30. Rxc2 Rb3 31. Rc7 Be8 32. Rc3 Rb1+ 33. Rc1 Rb3 34. Rc3 Rb1+ 35. Kh2 Rb2 36. Nf4 Rxf2 37. Nxd5 Kf8 38. Rc8 Rf5 39. Nc7 Re5 40. Ra8 Rxe3 41. Nxe8 Rxe8 42. Rxa5 1/2-1/2